 Dungeon Crawl Stone Soup version 0.27.1-1-g398f81649c (webtiles) character file.

Game seed: 1684713472960793395

66 Descartes the Ducker (level 3, -1/17 HPs)
             Began as a Felid Monk on Sept 12, 2021.
             Was a Priest of Cheibriados.
             Slain by a hobgoblin (4 damage)
             ... on level 2 of the Dungeon.
             The game lasted 00:02:36 (2270 turns).

Descartes the Ducker (Felid Monk)                   Turns: 2270, Time: 00:02:36

Health: -1/17      AC:  1    Str: 15    XL:     3   Next: 96%
Magic:  4/4        EV: 21    Int: 18    God:    Cheibriados [***...]
Gold:   17         SH:  0    Dex: 25    Spells: 2/2 levels left
                                        Lives:  0   Deaths: 0

rFire    . . .     SeeInvis +     - Unarmed
rCold    . . .     Faith    .   (shield unavailable)
rNeg     . . .     Spirit   .   (armour unavailable)
rPois    .         Reflect  .   (helmet unavailable)
rElec    .         Harm     .   (cloak unavailable)
rCorr    .         Rampage  .   (gloves unavailable)
Will     .....                  (boots unavailable)
Stlth    +++.......             (no amulet)
HPRegen  0.05/turn              (no ring)
MPRegen  0.09/turn              (no ring)

@: very slow
A: very small, claws 1, fangs 3, see invisible, speed 1, shaggy fur 1, stealthy
paws, no weapons or thrown items, no armour, multi-lived
a: Renounce Religion, Bend Time, Temporal Distortion


You were on level 2 of the Dungeon.
You worshipped Cheibriados.
Cheibriados was most pleased with you.
You visited 1 branch of the dungeon, and saw 2 of its levels.

You collected 17 gold pieces.

Inventory:

Missiles
 a - 54 stones
Jewellery
 i - a ring of positive energy
Scrolls
 b - a scroll of amnesia {unknown}
 c - 2 scrolls of teleportation {unknown}
 d - 5 scrolls of magic mapping {unknown}
 f - a scroll of immolation {unknown}
 g - a scroll of summoning {unknown}
 j - a scroll of vulnerability {unknown}
Potions
 e - 2 potions of heal wounds {unknown}
 h - a potion of flight {unknown}
 k - a potion of might {unknown}


   Skills:
 - Level 3.0 Fighting
 + Level 4.9 Dodging
 + Level 4.1 Stealth
 + Level 3.7 Unarmed Combat


You had 2 spell levels left.
You didn't know any spells.
Your spell library was empty.

Dungeon Overview and Level Annotations

Branches:
Dungeon (2/15)

Altars:
Cheibriados

Annotations:
D:2 1 runed translucent door, Crazy Yiuf, Sigmund


Innate Abilities, Weirdness & Mutations

You have sharp claws.
You have razor-sharp teeth.
You have supernaturally acute eyesight. (SInv)
You cover ground quickly. (Speed+)
You are covered in fur. (AC +1)
Your paws help you pounce on unaware monsters.
You are incapable of wielding weapons or throwing items.
You cannot wear armour.
You gain extra lives every three experience levels.


Message History

No target in view!
There is an open door here.
Sigmund the Dreaded comes into view.
He is wielding a +2 scythe of protection.
Sigmund shouts!
Sigmund points at you and mumbles some strange words.
The magic dart hits you.
Sigmund points at you and mumbles some strange words.
You resist with some effort.
A ball python comes into view.
Sigmund misses you.
A hobgoblin comes into view.
Sigmund completely misses you.
You barely miss Sigmund.
The ball python hisses angrily.
Sigmund gestures at you while chanting. The puff of flame hits you!
Ouch! That really hurt!
* * * LOW HITPOINT WARNING * * *
The hobgoblin shouts!
The ball python closely misses you. The ball python barely misses you.
Sigmund points at you and mumbles some strange words.
You resist with some effort. The ball python misses you.
The ball python grabs you. The ball python constricts you.
* * * LOW HITPOINT WARNING * * *
Sigmund misses you.
There is an open door here.
You escape the ball python's grasp.
Found a scroll labelled VAKHUI CUEPP.
Sigmund gestures wildly while chanting.
Sigmund flickers and vanishes for a moment.
You closely miss the ball python. The ball python misses you. x3
The ball python closely misses you.
You scratch the ball python.
You kill the ball python!
Cheibriados thoroughly appreciates the change of pace.
You scratch the hobgoblin but do no damage.
Sigmund closely misses you. The hobgoblin barely misses you.
You scratch the hobgoblin.
The hobgoblin is almost dead.
Sigmund completely misses you. The hobgoblin hits you.
You die...

.#...####
.#...##†##.....##
.....##.##......
........##......
........##......
........##....g#
........##.....#
........##....@######+##
........##.....g@.......
#....##.##.....####.....
#.....#.##...#.# ...
#.....#.##...#.# ?
#.....#.##.. #.#######
#.....#.######........
###..##.##...#........ #
##.##..+...'....[... #
##..#.##...#........


You could see Sigmund (invisible) and a hobgoblin.

Vanquished Creatures
  An adder (D:2)
  A worm (D:2)
  5 ball pythons
  7 endoplasms
  2 giant cockroaches
  7 goblins
  5 hobgoblins
  7 jackals
  5 bats
  5 kobolds (D:1)
  2 rats
47 creatures vanquished.

Notes
Turn   | Place    | Note
-------+----------+-------------------------------------------
     0 | D:1      | Descartes the Felid Monk began the quest for the Orb.
     0 | D:1      | Reached XP level 1. HP: 10/10 MP: 2/2
   171 | D:1      | Reached XP level 2. HP: 14/14 MP: 3/3
  1013 | D:1      | Reached XP level 3. HP: 17/17 MP: 4/4
  1016 | D:1      | Found a faded altar of an unknown god.
  1039 | D:1      | Became a worshipper of Cheibriados the Contemplative
  1039 | D:1      | Reached * piety under Cheibriados
  1039 | D:1      | Reached ** piety under Cheibriados
  1721 | D:2      | Found a runed translucent door.
  1722 | D:2      | Noticed Crazy Yiuf
  1794 | D:2      | Reached *** piety under Cheibriados
  2259 | D:2      | Noticed Sigmund
  2270 | D:2      | Slain by a hobgoblin

Illustrated notes

Levels and vault maps discovered:
D:1:      saegor_arrival_simple_c, layout_basic,
          hellmonk_ecumenical_altar_prayer_group, minmay_statues_item,
          kennysheep_nondescript, minmay_tripent
D:2:      minmay_diamond_boxcup, layout_basic, minmay_misc_feat_more_columns,
          uniq_crazy_yiuf_cottage, uniq_sigmund

Skill      XL: |  1  2  3 |
---------------+----------+-----
Stealth        | 3 4 |  4.1
Fighting       | |  3.0
Dodging        | |  4.9
Unarmed Combat | |  3.7

Action                   || total
-------------------------++-------
Melee: Unarmed           ||   132
       Bite              ||    13
 Stab: Sleeping          ||    16
Armor: Skin              ||     5
Dodge: Dodged            ||    89
